 Dungeon Crawl Stone Soup version 0.23.0-28-g6fe0f4d (webtiles) character file.

Game seed: 2699204137344622686

25 Kairos the Skirmisher (level 3, 20/20 HPs)
             Began as a Vine Stalker Abyssal Knight on Feb 25, 2019.
             Was a Follower of Lugonu.
             Quit the game on level 1 of the Dungeon.
             The game lasted 00:01:49 (1483 turns).

Kairos the Skirmisher (Vine Stalker Abyssal Knight) Turns: 1483, Time: 00:01:50

Health: 20/20      AC:  3    Str: 15      XL:     3   Next: 4%
Magic:  5/5        EV: 11    Int: 11 (12) God:    Lugonu [*.....]
Gold:   92         SH:  0    Dex: 13      Spells: 2/2 levels left

rFire    . . .     SeeInvis .   a - +1 hand axe
rCold    . . .     Gourm    .   (no shield)
rNeg     . . .     Faith    .   b - +0 leather armour
rPois    .         Spirit   +   (no helmet)
rElec    .         Reflect  .   (no cloak)
rCorr    .         Harm     .   (no gloves)
MR       .....                  (no boots)
Stlth    +.........             (no amulet)
HPRegen  0.06/turn              (no ring)
MPRegen  0.09/turn              (no ring)

@: very slightly contaminated
A: fangs 2, magic shield, antimagic bite, no potion heal 3, rot immunity
a: Depart the Abyss, Renounce Religion


You were on level 1 of the Dungeon.
You worshipped Lugonu.
Lugonu was aware of your devotion.
You were hungry.

You visited 1 branch of the dungeon, and saw 1 of its levels.
You visited the Abyss 1 time.

You collected 92 gold pieces.

Inventory:

Hand Weapons
 a - a +1 hand axe (weapon)
Armour
 b - a +0 leather armour (worn)
Scrolls
 e - a scroll of magic mapping
 f - a scroll of identify
 g - a scroll of remove curse
Comestibles
 c - 3 rations


   Skills:
 + Level 3.1 Fighting
 + Level 2.1 Axes
 + Level 2.0 Armour
 + Level 0.9 Dodging
 + Level 1.9 Invocations


You had 2 spell levels left.
You didn't know any spells.
Your spell library was empty.

Dungeon Overview and Level Annotations

Branches:
Dungeon (1/15)

Altars:


Innate Abilities, Weirdness & Mutations

You have extremely sharp teeth.
When hurt, damage is shared between your health and your magic reserves.
Your bite disrupts and absorbs the magic of your enemies.
Potions cannot restore your health.
You are immune to rotting.


Message History

a +0 whip; a kobold corpse Done exploring.
Done exploring.
Done exploring.
Done exploring.
No target in view!
As you read the scroll labeled PIYJYM ZOIDITA, it crumbles to dust.
You hear a loud clanging noise!
It was a scroll of noise.
As you read the scroll labeled GONICWI DESUMM, it crumbles to dust.
You feel momentarily disoriented.
It was a scroll of magic mapping.
As you read the scroll labeled DOBBUU YZOE, it crumbles to dust.
It is a scroll of identify.
g - a scroll of remove curse Blink to where?
Press: ? - help, Dir - move target cursor You are very lightly contaminated with residual magic.
As you read the scroll labeled ISTRAU DIMIVUU, it crumbles to dust.
It was a scroll of blinking.
Are you sure you want to abandon this character and quit the game? (Confirm with "yes".)

#...).#### ###.## ####
#####....######.##########
##........#..........†
#........######..####
#........# #.#..#...
#........####.#..#.##
#.............#..#.#.
#...........#.####.#.
#...@§....#.#....#.#.
#.........#....#.#.##
#.........####.#.#...
######.........#.###.
#.##.####.#.#... #....#
#.#.#.#. ###### ###.#.#.
#.#.#. #...#.


There were no monsters in sight!

Vanquished Creatures
  2 dart slugs (D:1)
  A leopard gecko (D:1)
  2 giant cockroaches (D:1)
  3 goblins (D:1)
  A hobgoblin (D:1)
  2 jackals (D:1)
  2 bats (D:1)
  A frilled lizard (D:1)
  4 kobolds (D:1)
  2 rats (D:1)
20 creatures vanquished.

Notes
Turn   | Place    | Note
-------+----------+-------------------------------------------
     0 | Abyss:1  | Kairos the Vine Stalker Abyssal Knight began the quest for
                  | the Orb.
     0 | Abyss:1  | Reached XP level 1. HP: 11/11 MP: 3/3
   130 | Abyss:2  | Noticed a neqoxec
   136 | Abyss:2  | Noticed a ynoxinul
   138 | Abyss:2  | Noticed a hell hound
   176 | Abyss:3  | Noticed a quasit
   177 | D:1      | Escaped the Abyss
   492 | D:1      | Reached * piety under Lugonu
   540 | D:1      | Reached skill level 3 in Fighting
   540 | D:1      | Reached XP level 2. HP: 6/16 MP: 4/4
  1383 | D:1      | Reached XP level 3. HP: 18/20 MP: 5/5
  1483 | D:1      | Quit the game

Skill      XL: |  1  2 |
---------------+-------+-----
Fighting       | 3 |  3.1
Armour         | 2 |  2.0
Axes           | 2 |  2.1
Dodging        | |  0.9
Invocations    | |  1.9

Action                   || total
-------------------------++-------
Melee: Hand axe          ||    67
       Bite              ||    13
Invok: Depart the Abyss  ||     1
  Use: Scroll            ||     5
       Potion            ||     1
  Eat: Chunk             ||     1
Armor: Leather armour    ||    47
Dodge: Dodged            ||    71
